 Dungeon Crawl Stone Soup version 0.29.0-13-gc9e81de378 (webtiles) character file.

Game seed: 4620073926368592742

23 Artool the Cudgeller (level 2, 0/22 HPs)
             Began as a Demonspawn Gladiator on Sept 7, 2022.
             Slain by a worm (1 damage)
             ... on level 2 of the Dungeon.
             The game lasted 00:02:46 (1143 turns).

Artool the Cudgeller (Demonspawn Gladiator)         Turns: 1143, Time: 00:02:46

Health: 0/22       AC:  9    Str: 14    XL:     2   Next: 75%
Magic:  2/2        EV: 10    Int:  9    God:
Gold:   92         SH:  0    Dex: 14    Spells: 1/1 levels left

rFire   . . .      SeeInvis .   h - +0 whip
rCold   . . .      Faith    .   (no shield)
rNeg    . . .      Spirit   .   p - +0 scale mail
rPois   .          Reflect  .   c - +0 helmet
rElec   .          Harm     .   (no cloak)
rCorr   .          Rampage  .   (no gloves)
Will    .....                   (no boots)
Stlth   ..........              (no amulet)
HPRegen 0.07/turn               (no ring)
MPRegen 0.08/turn               (no ring)

@: no status effects
A: molten scales 1
a: no special abilities


You were on level 2 of the Dungeon.
You visited 1 branch of the dungeon, and saw 2 of its levels.

You collected 92 gold pieces.

Inventory:

Hand Weapons
 h - a +0 whip (weapon)
Missiles
 d - 3 throwing nets
 e - a javelin
 f - 6 poisoned darts (quivered)
Armour
 c - a +0 helmet (worn)
 p - a +0 scale mail (worn)
Wands
 a - a wand of acid (6)
Scrolls
 l - 2 scrolls of identify {unknown}
 n - a scroll of enchant weapon {unknown}
 o - a scroll of blinking {unknown}
Potions
 g - a potion of mutation {unknown}
 i - 2 potions of berserk rage {unknown}
 j - a potion of brilliance {unknown}
 k - a potion of flight {unknown}
 m - a potion of heal wounds {unknown}


   Skills:
 + Level 2.3 Fighting
 + Level 2.9 Maces & Flails
 - Level 2.0 Throwing
 + Level 0.8 Armour
 + Level 2.9 Dodging


You had one spell level left.
You didn't know any spells.
Your spell library was empty.

Dungeon Overview and Level Annotations

Branches:
Dungeon (2/15)

Altars:


Innate Abilities, Weirdness & Mutations

You are partially covered in molten scales. (AC +2)


Message History

There is an open door here.
You open the door.
There is an open door here.
a - a wand of acid (6)
Found a ring mail.
No target in view!
You now have 92 gold pieces (gained 14).
A worm comes into view.
No target in view!
No target in view!
The worm barely misses you.
You barely miss the worm. The worm closely misses you.
You hit the worm.
The worm is lightly wounded.
You barely miss the worm. Your punch misses the worm.
The worm is lightly wounded.
The worm bites you.
You barely miss the worm. You barely miss the worm.
The worm bites you but does no damage.
You hit the worm.
The worm is lightly wounded.
You hit the worm.
The worm is heavily wounded.
The worm bites you!
You hit the worm.
The worm is heavily wounded.
The worm bites you.
* * * LOW HITPOINT WARNING * * *
You hit the worm.
The worm is heavily wounded.
You hit the worm.
The worm is almost dead.
The worm bites you.
* * * LOW HITPOINT WARNING * * *
You hit the worm but do no damage.
The worm is severely wounded.
You hit the worm but do no damage.
The worm is severely wounded.
The worm bites you.
You die...

#.##......# .##
#.##....... ..
#.#######.# ### ##.. #.#
##..# ... ... #
#.#####..## ###.###...##
#.......###
........#..###..######..
##.....w...>...# ####..
#.....@#......## #.....
#...[..######## #.##..
#......# #.##.. #......#
#.##.. #......#
####.#### #......#
#........ +......#
#####........ #......#
#...'........ #......#
#.###........


You could see a worm.

Vanquished Creatures
  2 endoplasms (D:1)
  4 giant cockroaches (D:1)
  2 goblins (D:1)
  A quokka (D:1)
  4 ball pythons (D:1)
  A bat (D:1)
  2 frilled lizards (D:1)
  4 kobolds
  4 rats
24 creatures vanquished.

Notes
Turn   | Place    | Note
-------+----------+-------------------------------------------
     0 | D:1      | Artool the Demonspawn Gladiator began the quest for the
                  | Orb.
     0 | D:1      | Reached XP level 1. HP: 16/16 MP: 1/1
   191 | D:1      | Gained mutation: You are partially covered in molten
                  | scales. (AC +2) [demonic ancestry]
   191 | D:1      | Reached XP level 2. HP: 20/22 MP: 2/2
  1141 | D:2      | HP: 1/22 [worm (4)]
  1143 | D:2      | Slain by a worm

Illustrated notes

Levels and vault maps discovered:
D:1:      minmay_arrival_jagged, layout_basic, minmay_quantized
D:2:      layout_basic, minmay_snake_closets

Skill      XL: |  1  2 |
---------------+-------+-----
Throwing       | 2 |  2.0
Fighting       | |  2.3
Maces & Flails | |  2.9
Armour         | |  0.8
Dodging        | |  2.9

Action                   || total
-------------------------++-------
Melee: Whip              ||    95
       Flail             ||     8
Armor: Leather armour    ||    37
       Scale mail        ||     5
Dodge: Dodged            ||    49
